 Dungeon Crawl Stone Soup version 0.23-b1-75-g379dba2534 (webtiles) character file.

Game seed: 12017100028514407671

130 McKennaii the Shield-Bearer (level 4, -2/35 HPs)
             Began as a Demonspawn Fighter on Feb 7, 2019.
             Slain by a sky beast (6 damage)
             ... on level 3 of the Dungeon.
             The game lasted 00:03:37 (2510 turns).

McKennaii the Shield-Bearer (Demonspawn Fighter)    Turns: 2510, Time: 00:03:38

Health: -2/35      AC: 11    Str: 17    XL:     4   Next: 89%
Magic:  4/4        EV:  7    Int:  9    God:
Gold:   128        SH:  9    Dex: 13    Spells: 3/3 levels left

rFire    . . .     SeeInvis .   a - +0 long sword
rCold    . . .     Gourm    .   c - +0 shield
rNeg     . . .     Faith    .   b - +0 scale mail
rPois    .         Spirit   .   e - +1 helmet
rElec    .         Reflect  .   (no cloak)
rCorr    .         Harm     .   (no gloves)
MR       .....                  (no boots)
Stlth    ..........             (no amulet)
HPRegen  0.11/turn              (no ring)
MPRegen  0.09/turn              (no ring)

@: invisible
A: talons 1, molten scales 1, spiny 1
a: no special abilities


You were on level 3 of the Dungeon.
You were hungry.

You visited 1 branch of the dungeon, and saw 3 of its levels.

You collected 128 gold pieces.

Inventory:

Hand Weapons
 a - a +0 long sword (weapon)
Armour
 b - a +0 scale mail (worn)
 c - a +0 shield (worn)
 e - a +1 helmet (worn)
Scrolls
 g - 4 scrolls of identify {unknown}
 h - 2 scrolls of amnesia {unknown}
 i - 2 scrolls of fog {unknown}
 o - 2 scrolls of teleportation {unknown}
 p - a scroll of fear {unknown}
Potions
 d - 2 potions of might
 k - a potion of resistance {unknown}
 l - a potion of lignification {unknown}
 m - 2 potions of cancellation {unknown}
 n - a potion of ambrosia {unknown}
 q - 2 potions of degeneration {unknown}
Comestibles
 f - 11 rations


   Skills:
 + Level 3.4 Fighting
 + Level 3.0 Long Blades
 + Level 3.3 Armour
 + Level 0.1 Dodging
 + Level 0.1 Stealth
 + Level 3.6 Shields


You had 3 spell levels left.
You didn't know any spells.
Your spell library was empty.

Dungeon Overview and Level Annotations

Branches:
Dungeon (3/15)

Altars:
Fedhas
Hepliaklqana
Uskayaw


Innate Abilities, Weirdness & Mutations

You have sharp toenails.
You are partially covered in molten scales. (AC +2)
You are partially covered in sharp spines.


Message History

The sky beast is heavily wounded.
You are feeling hungry.
The sky beast barely misses you.
The sky beast flickers out of sight!
Deactivating autopickup; reactivate with Ctrl-A.
You block something's attack.
You hit something. Something hits you but does no damage.
You closely miss something. You claw something.
Something hits you but does no damage. x2
You miss something. You claw something. Something hits you.
Something shocks you.
You closely miss something. Something hits you.
* * * LOW HITPOINT WARNING * * *
Something shocks you.
* * * LOW HITPOINT WARNING * * *
It was a potion of invisibility.
You fade into invisibility!
Something hits you.
* * * LOW HITPOINT WARNING * * *
Something shocks you.
You die...

#. #.###### #.
#......# ..###
#......# .....
#......# #.##.
#.....# #. #.##.
#.....# #.# #.##.
#{# #_# #.##. ##@##
#.# #...† ##.#.##
#.# #.##. #.###.#
#.# #.##. ##.#..#
##.####.##.
##.#.####.......##.
###.......####.##.
#...###.## #.###
#(......# ##.###
#...##### ......


There were no monsters in sight!

Vanquished Creatures
  Robin (D:2)
  3 adders
  An ooze (D:3)
  2 worms
  2 leopard geckos
  A ball python (D:2)
  5 giant cockroaches
  10 hobgoblins
  3 jackals (D:1)
  A quokka (D:2)
  8 bats
  5 frilled lizards
  19 goblins
  10 kobolds
  6 rats
77 creatures vanquished.

Notes
Turn   | Place    | Note
-------+----------+-------------------------------------------
     0 | D:1      | McKennaii the Demonspawn Fighter began the quest for the
                  | Orb.
     0 | D:1      | Reached XP level 1. HP: 18/18 MP: 1/1
   255 | D:1      | Gained mutation: You have sharp toenails. [demonic
                  | ancestry]
   255 | D:1      | Reached XP level 2. HP: 23/24 MP: 2/2
   592 | D:1      | Gained mutation: You are partially covered in molten
                  | scales. (AC +2) [demonic ancestry]
   592 | D:1      | Reached XP level 3. HP: 29/29 MP: 3/3
  1305 | D:2      | Noticed Robin
  1347 | D:2      | Killed Robin
  1347 | D:2      | Gained mutation: You are partially covered in sharp spines.
                  | [demonic ancestry]
  1347 | D:2      | Reached XP level 4. HP: 31/35 MP: 4/4
  1801 | D:2      | Found a hazy altar of Hepliaklqana.
  2025 | D:2      | Found a blossoming altar of Fedhas.
  2367 | D:3      | Found a faded altar of an unknown god.
  2473 | D:3      | Found a hide-covered altar of Uskayaw.
  2493 | D:3      | Noticed a sky beast
  2510 | D:3      | Slain by a sky beast

Skill      XL: |  1  2  3  4 |
---------------+-------------+-----
Shields        | 3 |  3.6
Long Blades    | 2 3 |  3.0
Armour         | 3 |  3.3
Fighting       | |  3.4
Dodging        | |  0.1
Stealth        | |  0.1

Action                   |  1- 3 |  4- 6 || total
-------------------------+-------+-------++-------
Melee: Long sword        |   142 |    55 ||   197
       Kick              |    26 |    13 ||    39
  Use: Potion            |     2 |     1 ||     3
  Eat: Chunk             |     1 |     4 ||     5
Armor: Scale mail        |    65 |    26 ||    91
Dodge: Dodged            |    42 |     7 ||    49
Block: Shield            |    85 |    26 ||   111
       Rpst.: Long sword |    18 |     2 ||    20
